 Dungeon Crawl Stone Soup version 0.31-a0-1476-g8a4046af8c (webtiles) character file.

Game seed: 17732607685370060163

2158 Essalna the Geomancer (level 9, -2/52 HPs)
             Began as a Gargoyle Earth Elementalist on Dec 29, 2023.
             Was a Follower of Vehumet.
             Slain by a gnoll
             ... wielding a +0 halberd
              (13 damage)
             ... in a bailey.
             The game lasted 00:11:47 (5247 turns).

Essalna the Geomancer (Gargoyle Earth Elementalist) Turns: 5247, Time: 00:11:47

Health: -2/52      AC: 13    Str: 16    XL:     9   Next: 31%
Magic:  11/16      EV:  6    Int: 25    God:    Vehumet [*.....]
Gold:   281        SH:  0    Dex: 10    Spells: 14/18 levels left

rFire   . . .        t - +11 falchion of Res Nullius {freeze, Str+3}
rCold   . . .        (no shield)
rNeg    + . .        A - +1 troll leather armour
rPois   ∞            (no helmet)
rElec   +            (no cloak)
rCorr   .            u - +0 pair of gloves
SInv    .            i - +0 pair of boots
Will    +....        (no amulet)
Stlth   ++           r - ring of willpower
HPRegen 1.08/turn    v - +6 ring of intelligence
MPRegen 0.15/turn

%: no passive effects
@: weakened, held
A: sickness immunity, AC +6, negative energy resistance 1, electricity
resistance, torment resistance 1, petrification resistance
a: Renounce Religion


You were in a bailey.
You worshipped Vehumet.
Vehumet was aware of your devotion.
You visited 1 branch of the dungeon, and saw 7 of its levels.
You also visited: Bailey.

You collected 396 gold pieces.
You spent 115 gold pieces at shops.

Inventory:

Hand Weapons
 e - a +0 dagger
 f - a +3 dagger of flaming
 t - the +11 falchion of Res Nullius (weapon) {freeze, Str+3}
   (You found it on level 4 of the Dungeon)

   Str+3:     It affects your strength (+3).
Missiles
 b - 2 throwing nets
Armour
 a - a +0 robe
 i - a +0 pair of boots (worn)
 u - a +0 pair of gloves (worn)
 A - a +1 troll leather armour (worn)
 G - a +2 cloak
Jewellery
 c - a ring of fire
 r - a ring of willpower (left hand)
 v - a +6 ring of intelligence (right hand)
 y - an amulet of guardian spirit
 E - a ring of protection from cold
Wands
 B - a wand of paralysis (2)
Scrolls
 d - a scroll of revelation
 g - a scroll of enchant weapon
 h - 8 scrolls of identify {unknown}
 l - 3 scrolls of enchant armour
 n - 2 scrolls of noise
 o - a scroll of fear {unknown}
 w - 2 scrolls of teleportation
 C - a scroll of blinking {unknown}
 D - a scroll of vulnerability {unknown}
 F - a scroll of amnesia {unknown}
 H - 2 scrolls of summoning {unknown}
Potions
 j - 2 potions of might {unknown}
 k - 2 potions of curing
 m - 2 potions of berserk rage {unknown}
 p - a potion of mutation {unknown}
 q - 2 potions of resistance {unknown}
 s - a potion of attraction {unknown}
 x - a potion of invisibility {unknown}
 z - 4 potions of haste {unknown}


   Skills:
 + Level 4.6 Fighting
 + Level 4.5 Armour
 - Level 1.5 Dodging
 - Level 2.1 Stealth
 - Level 5.0 Spellcasting
 + Level 6.4 Conjurations
 + Level 8.8 Earth Magic
 - Level 0.7 Alchemy


You had 14 spell levels left.
You knew the following spells:

 Your Spells              Type           Power      Damage    Failure   Level
a - Sandblast             Erth           100%       2d20      1%          1
b - Stone Arrow           Conj/Erth      88%        3d12      1%          3

Your spell library contained the following spells:

 Spells                   Type           Power      Damage    Failure   Level
 Kiss of Death            Conj/Necr      88%        2d12      2%          1
 Passwall                 Erth           50%        N/A       1%          3
 Brom's Barrelling Bould  Conj/Erth      44%        2d6       4%          4
 Petrify                  Alch/Erth      30%        N/A       14%         4


Dungeon Overview and Level Annotations

Branches:
Dungeon (7/15)             Temple (0/1) D:7          Bailey (1/1)

Altars:
Ashenzari
Hepliaklqana
Uskayaw
Vehumet
Yredelemnul
Zin

Shops:
D:3 *   D:5 =


Innate Abilities, Weirdness & Mutations

You are immune to sickness and miasma.
Your stone body is resilient. (AC +6)
You are immune to poison.
You resist negative energy. (rN+)
You are resistant to electric shocks. (rElec)
You are resistant to unholy torment.
You are immune to petrification.


Message History

Confirm with . or Enter, or press ? or * to list all spells.
Aiming: Sandblast (safe; 1% risk of failure)
Press: ? - help, Shift-Dir - straight line, f/p - gnoll sergeant
Aim: a gnoll sergeant, wielding a +0 glaive and wearing a +0 plate armour (paralysed, 100% to hit)
The blast of sand hits the gnoll sergeant!!
You kill the gnoll sergeant!
Vehumet accepts your kill. The gnoll hits you but does no damage.
The gnoll bouda gazes fiercely through you!
You feel your attacks grow feeble. The gnoll hits you but does no damage.
The gnoll bouda hits you but does no damage.
Casting: Sandblast (safe; 1% risk of failure)
Confirm with . or Enter, or press ? or * to list all spells.
Aiming: Sandblast (safe; 1% risk of failure)
Press: ? - help, Shift-Dir - straight line, f - gnoll
Aim: a gnoll, wielding a +0 spear and wearing a +0 chain mail (lightly wounded, covering ground quickly, 91% to hit)
The blast of sand hits the gnoll!!
You kill the gnoll!
Vehumet accepts your kill.
Your surroundings suddenly seem different. 3 gnolls and 2 gnoll boudas come into view.
A gnoll is wielding a +0 trident and quivering 2 throwing nets.
A gnoll is wielding a +0 trident and quivering 2 throwing nets.
A gnoll is wielding a +0 halberd and quivering 2 throwing nets.
The gnoll shouts!
The gnoll bouda shouts!
You hear a shout!
A wolf comes into view.
The gnoll hits you with a +0 halberd!
* * * LOW HITPOINT WARNING * * *
The gnoll bouda barks out a call to the hunt!
The gnolls pick up the pace!
The gnoll closely misses you.
The gnoll throws a throwing net.
The throwing net hits you.
You become entangled in the net!
A gnoll sergeant comes into view. It is wielding a +0 glaive.
You hear a howl!
You hear a shout!
You hear a howl!
You feel better.
A gnoll comes into view. It is wielding a +0 trident.
The gnoll hits you from afar with a +0 trident.
The gnoll bouda hits you from afar with a +0 spear.
* * * LOW HITPOINT WARNING * * *
The gnoll hits you with a +0 halberd!
You die...

### # ....
..≈♣ # ..g
..≈♣ # ###
... ..≈♣ #
...# gg
..≈♣ #####
.....
##'##..≈♣
'...#...$..
#......≈♣
'..gg...8..
+.g....≈♣
'...#...$..
#..g@..≈♣
##### .....
##g##..≈♣ #
...# ..
..≈♣ #
###.. ..≈♣
# '.gh ..≈♣
# .. ..≈♣
### . ..≈♣
..# .≈≈♣
≈≈≈≈≈≈≈≈


You could see a gnoll sergeant (swift), a wolf, 2 gnoll boudas and 4 gnolls.

Vanquished Creatures
  A troll (D:5)
  Sigmund (D:4)
  2 ice beasts (D:7)
  A sky beast (D:7)
  2 ogres (D:6)
  A centaur (D:6)
  A phantom (D:6)
  A bullfrog (D:4)
  2 gnoll sergeants (Bailey)
  2 scorpions (D:5)
  A wight (D:6)
  6 hounds
  An orc priest (D:4)
  A gnoll bouda (D:7)
  3 sleepcaps
  5 iguanas
  4 orc wizards
  12 gnolls
  4 adders
  2 shadow imps (D:5)
  A white imp (D:6)
  An ufetubus (D:5)
  2 worms (D:2)
  6 dart slugs
  15 orcs
  10 endoplasms
  3 giant cockroaches
  6 hobgoblins
  2 jackals (D:3)
  2 quokkas
  10 ball pythons
  9 bats
  3 frilled lizards
  13 goblins
  6 kobolds
  5 rats
147 creatures vanquished.

Vanquished Creatures (others)
  An ufetubus (D:5)
1 creature vanquished.

Grand Total: 148 creatures vanquished

Notes
Turn   | Place    | Note
-------+----------+-------------------------------------------
     0 | D:1      | Essalna the Gargoyle Earth Elementalist began the quest for
                  | the Orb.
     0 | D:1      | Reached XP level 1. HP: 10/10 MP: 3/3
   179 | D:1      | Reached XP level 2. HP: 15/15 MP: 0/5
   251 | D:1      | Reached skill level 4 in Earth Magic
   815 | D:1      | Reached XP level 3. HP: 19/19 MP: 3/6
  1356 | D:2      | You fall into a shaft and drop 1 floor!
  1356 | D:3      | Found a hazy altar of Hepliaklqana.
  1569 | D:2      | Reached XP level 4. HP: 24/24 MP: 6/8
  1721 | D:2      | Found a basalt altar of Yredelemnul.
  2048 | D:3      | Reached skill level 5 in Earth Magic
  2071 | D:3      | Learned a level 3 spell: Stone Arrow
  2183 | D:3      | Found Ukoraqoc's Assorted Antiques.
  2189 | D:3      | Bought a bone ring for 115 gold pieces
  2536 | D:3      | Found a basalt altar of Yredelemnul.
  2551 | D:3      | Identified the +3 leather armour "Semawen" {Will+++ rCorr
                  | Str-3 Dex-3}
  2643 | D:3      | Found a faded altar of an unknown god.
  2668 | D:3      | Reached skill level 1 in Conjurations
  2668 | D:3      | Reached XP level 5. HP: 28/28 MP: 6/10
  2914 | D:4      | Identified the +11 falchion of Res Nullius {freeze, Str+3}
  2934 | D:4      | Noticed Sigmund
  2939 | D:4      | Killed Sigmund
  2940 | D:4      | Reached XP level 6. HP: 32/32 MP: 7/12
  3114 | D:4      | Reached skill level 6 in Earth Magic
  3128 | D:4      | Reached XP level 7. HP: 27/36 MP: 5/13
  3598 | D:5      | Entered Level 5 of the Dungeon
  3603 | D:5      | Noticed a troll
  3610 | D:5      | Killed a troll
  3611 | D:5      | Reached skill level 7 in Earth Magic
  3785 | D:5      | Reached skill level 5 in Spellcasting
  3820 | D:5      | Found a hide-covered altar of Uskayaw.
  3921 | D:5      | Found Onyitax's Jewellery Emporium.
  3941 | D:5      | Reached skill level 1 in Fighting
  3941 | D:5      | Reached skill level 1 in Armour
  4073 | D:5      | Reached XP level 8. HP: 43/43 MP: 12/15
  4116 | D:5      | Found a radiant altar of Vehumet.
  4131 | D:5      | Became a worshipper of Vehumet
  4507 | D:6      | Reached skill level 5 in Conjurations
  4732 | D:6      | Reached skill level 8 in Earth Magic
  4785 | D:6      | Found a glowing silver altar of Zin.
  4972 | D:7      | Found a staircase to the Ecumenical Temple.
  5060 | D:7      | Reached XP level 9. HP: 52/52 MP: 14/16
  5067 | D:7      | Reached * piety under Vehumet
  5067 | D:7      | Offered knowledge of Kiss of Death by Vehumet.
  5097 | D:7      | Found a broken altar of Ashenzari.
  5098 | D:7      | Found a flagged portal.
  5119 | Bailey   | Entered a bailey
  5247 | Bailey   | Slain by a gnoll

Illustrated notes

Levels and vault maps discovered:
D:1:      scummos_arrival_checkerplants, layout_basic, nrook_mini_backslash
D:2:      layout_rooms, basic_altar
D:3:      kennysheep_big_flooded_room, layout_loops_ring, lemuel_crystal_altar,
          old_standard_altar, serial_shops, shop, shapermc_ecumenical_altar_gd,
          minmay_misc_feat_encased
D:4:      minmay_evil_eye, layout_rooms, minmay_crystal_room,
          amcnicky_mini_pool_small, st_stairs_5, uniq_sigmund
D:5:      layout_loops_ring, mainiacjoe_overflow_six_doors_small,
          fiery_altar_vehumet, serial_shops, shop
D:6:      layout_rooms, zin_statuary, st_stairs_13
D:7:      cheibrodos_fertilizer, layout_rooms,
          mainiacjoe_overflow_concentric_impassable,
          nicolae_wu_jian_wuxing_cycle, cheibrodos_ashenzari_chains,
          temple_fountains, enter_bailey_5
Bailey:   bailey_polearm_gnolls_kennysheep, bailey

Skill      XL: |  1  2  3  4  5  6  7  8  9 |
---------------+----------------------------+-----
Earth Magic    | 4 5 6 7 8 |  8.8
Spellcasting   | 3 4 5 |  5.0
Conjurations   | 1 2 3 4 5 6 |  6.4
Fighting       | 1 3 4 |  4.6
Armour         | 1 3 4 |  4.5
Dodging        | |  1.5
Stealth        | |  2.1
Alchemy        | |  0.7

Action                     |  1- 3 |  4- 6 |  7- 9 || total
---------------------------+-------+-------+-------++-------
  Melee: Unarmed           |     9 |       |       ||     9
         Dagger            |     1 |     1 |       ||     2
         Falchion          |       |     4 |     7 ||    11
   Cast: Sandblast         |    48 |    51 |   123 ||   222
         Stone Arrow       |       |       |     4 ||     4
  Evoke: Wand              |       |       |     6 ||     6
    Use: Scroll            |       |       |     6 ||     6
         Potion            |       |       |     5 ||     5
 Armour: Robe              |    24 |    18 |     4 ||    46
         Troll leather arm |       |       |    67 ||    67
  Dodge: Dodged            |    17 |     9 |    39 ||    65

Table legend: (Time is in decaauts)
 A = Elapsed time spent in this place.
 B = Non-inter-level travel time spent in this place.
 C = Inter-level travel time spent in this place.
 D = Time resting spent in this place.
 E = Time spent auto-exploring this place.
 F = Levels seen in this place.
 G = Mean time per level.
                   A        B        C        D        E       F      G
               +--------+--------+--------+--------+--------+-----+--------+
         Total |   5361 |   5076 |    285 |     29 |   4185 |   8 |  670.1 |
       Dungeon |   5220 |   4935 |    285 |     29 |   4115 |   7 |  745.7 |
        Bailey |    141 |    141 |      0 |      0 |     70 |   1 |  141.0 |
               +--------+--------+--------+--------+--------+-----+--------+

Top non-repeatable levels by time:
     D:1: 1284 daAuts
     D:3: 917 daAuts
     D:5: 868 daAuts
     D:2: 739 daAuts
     D:4: 714 daAuts
     D:6: 600 daAuts
  Bailey: 141 daAuts
     D:7: 95 daAuts
